 Dungeon Crawl Stone Soup version 0.20-a0-785-g17250f0 (webtiles) character file.

813 nono the Skirmisher (level 7, -5/39 HPs)
             Began as a Vine Stalker Hunter on Feb 27, 2017.
             Was an Initiate of Okawaru.
             Shot with an arrow by a centaur (7 damage)
             ... on level 7 of the Dungeon.
             The game lasted 00:12:54 (1924 turns).

nono the Skirmisher (Vine Stalker Hunter)           Turns: 1924, Time: 00:12:55

Health: -5/39      AC: 10    Str: 17    XL:     7   Next: 93%
Magic:  0/8        EV:  5    Int: 11    God:    Okawaru [......]
Gold:   153        SH:  0    Dex: 14    Spells: 6/6 levels left

rFire    . . .     SeeInvis .   i - +1 short sword (speed)
rCold    . . .     Gourm    .   B - +0 plate armour
rNeg     . . .     Faith    .   (no shield)
rPois    .         Spirit   +   (no helmet)
rElec    .         Reflect  .   (no cloak)
rCorr    .         Harm     .   (no gloves)
MR       .....                  (no boots)
Stlth    ..........             (no amulet)
Regen    0.6/turn               (no ring)
MPRegen  0.2/turn               v - ring of loudness (curse)

@: slow
A: fangs 2, regeneration 1, magic shield, antimagic bite, no potion heal 3, rot
immunity
a: Renounce Religion


You were on level 7 of the Dungeon.
You worshipped Okawaru.
Okawaru was noncommittal.
You were hungry.

You visited 2 branches of the dungeon, and saw 8 of its levels.

You collected 153 gold pieces.

Inventory:

Hand Weapons
 a - a +0 short sword
 i - a +1 short sword of speed (weapon)
 l - a +2 dagger of venom
Missiles
 c - 5 javelins (quivered)
 d - a throwing net
 o - 7 silver javelins
Armour
 b - a +0 leather armour
 j - a +0 chain mail
 B - a +0 plate armour (worn)
Jewellery
 v - a cursed ring of loudness (left hand)
Wands
 y - a wand of flame (27/48)
 C - a wand of iceblast (8/15)
Scrolls
 g - 3 scrolls of identify {unknown}
 h - 2 scrolls of fog {unknown}
 m - a scroll of teleportation {unknown}
 q - a scroll of amnesia {unknown}
 s - a scroll of enchant weapon {unknown}
 t - a scroll of remove curse {unknown}
 w - a scroll of recharging {unknown}
 z - a scroll of noise {unknown}
 A - a scroll of summoning {unknown}
Potions
 e - a potion of agility {unknown}
 p - 3 potions of curing {unknown}
 u - 2 potions of degeneration {unknown}
 x - a potion of lignification {unknown}
Books
 k - a book of Necromancy

   Spells                             Type                      Level
   a - Pain                           Necromancy                   1
   b - Animate Skeleton               Necromancy                   1
   c - Vampiric Draining              Necromancy                   3
   d - Regeneration                   Charms/Necromancy            3
   e - Animate Dead                   Necromancy                   4
   f - Control Undead                 Necromancy                   4
Comestibles
 f - 3 bread rations
 n - a royal jelly
 r - 2 meat rations


   Skills:
 + Level 5.9 Fighting
 + Level 5.2 Short Blades
 - Level 3.6 Throwing
 - Level 1.5 Dodging
 - Level 1.2 Stealth


You had 6 spell levels left.
You didn't know any spells.

Dungeon Overview and Level Annotations

Branches:
Dungeon (7/15)             Temple (1/1) D:6

Altars:
Ashenzari
Cheibriados
Dithmenos
Elyvilon
Fedhas
Hepliaklqana
Kikubaaqudgha
Okawaru
Qazlal
Sif Muna
Trog
Uskayaw
Vehumet
Xom


Innate Abilities, Weirdness & Mutations

You have extremely sharp teeth.
Your natural rate of healing is unusually fast.
When hurt, damage is shared between your health and your magic reserves.
Your bite disrupts and absorbs the magic of your enemies.
Potions cannot restore your health.
You are immune to rotting.


Message History

You hit the giant cockroach.
You kill the giant cockroach!
Okawaru accepts your kill.
You see here a giant cockroach corpse.
A centaur comes into view.
The centaur shouts!
The centaur wields a shortbow.
The centaur shoots an arrow.
The arrow hits you.
You see here an arrow.
The centaur shoots an arrow.
The arrow hits you.
You see here an arrow.
The centaur shoots an arrow.
The arrow hits you!
The centaur shoots an arrow.
The arrow hits you!
You see here an arrow.
The centaur shoots an arrow.
The arrow hits you but does no damage.
The centaur shoots an arrow.
The arrow hits you!
You see here 2 arrows.
The centaur shoots an arrow.
The arrow hits you!
* * * LOW HITPOINT WARNING * * *
The centaur shoots an arrow.
The arrow hits you!
You die...

. #.....#
..#######.....#
#............#
#..........#
#....(†<...#
#...(......#
..#####..(.......#
........(........#
.......@.........#
.....c(..........#
.................#
.................#
.................#
#########+##.....
.... .?


You could see a centaur.

Vanquished Creatures
  The ghost of tsouns the Firebug, an amateur BaFE (D:4)
  An orc warrior (D:5)
  An ogre (D:6)
  A crimson imp (D:5)
  A hound (D:6)
  3 orc priests
  3 worker ants
  5 orc wizards
  A worker ant zombie (D:5)
  2 adders
  A shadow imp (D:5)
  An adder skeleton (D:5)
  A dart slug (D:1)
  3 leopard geckos
  16 orcs
  3 giant cockroaches
  A hobgoblin (D:3)
  4 jackals (D:5)
  3 quokkas
  A bat (D:3)
  4 frilled lizards
  A jackal skeleton (D:4)
  3 kobolds
  2 leopard gecko skeletons
  4 rats
67 creatures vanquished.

Notes
Turn   | Place    | Note
-------+----------+-------------------------------------------
     0 | D:1      | nono the Vine Stalker Hunter began the quest for the Orb.
     0 | D:1      | Reached XP level 1. HP: 11/11 MP: 2/2
   122 | D:1      | Reached XP level 2. HP: 10/15 MP: 3/3
   179 | D:2      | Reached skill level 1 in Short Blades
   416 | D:3      | Reached XP level 3. HP: 13/19 MP: 4/4
   489 | D:3      | Gained mutation: Your natural rate of healing is unusually fast. [Vine Stalker growth]
   489 | D:3      | Reached XP level 4. HP: 8/24 MP: 2/5
   625 | D:5      | Entered Level 5 of the Dungeon
   737 | D:4      | Noticed tsouns's ghost (amateur BaFE)
   759 | D:4      | Killed tsouns's ghost
   759 | D:4      | Reached XP level 5. HP: 29/30 MP: 6/6
   759 | D:4      | Reached XP level 6. HP: 33/34 MP: 7/7
   763 | D:4      | Found a shimmering altar of Xom.
  1040 | D:5      | Noticed an orc warrior
  1051 | D:5      | Reached XP level 7. HP: 26/38 MP: 8/8
  1084 | D:5      | Reached skill level 5 in Fighting
  1326 | D:5      | Found a shadowy altar of Dithmenos.
  1571 | D:6      | Found a staircase to the Ecumenical Temple.
  1591 | Temple   | Entered the Ecumenical Temple
  1656 | Temple   | Became a worshipper of Cheibriados the Contemplative
  1706 | D:6      | Reached skill level 5 in Short Blades
  1806 | D:6      | Fell from the grace of Cheibriados
  1884 | Temple   | Became a worshipper of Warmaster Okawaru
  1924 | D:7      | Shot with an arrow by a centaur

Vault maps used:
D:1:      wheals_arrival_linesprint
D:2:      kennysheep_generic_room_16
D:3:      nicolae_overflow_crystal_walls, kennysheep_big_empty_room
D:4:      marbit_many_paths, lemuel_coloured_pillars_altar, first_bread,
          brannock_xom_greatest_gift
D:5:      basic_altar
D:6:      minmay_temple_entry_water_ring
D:7:      yredelemnul_altar_generic
Temple:   dshaligram_water_room_temple

Skill      XL: |  1  2  3  4  5  6  7 |
---------------+----------------------+-----
Fighting       | 2 3 4 5 |  5.9
Short Blades   | 1 3 4 5 |  5.2
Throwing       | |  3.6
Dodging        | |  1.5
Stealth        | |  1.2

Action                   |  1- 3 |  4- 6 |  7- 9 || total
-------------------------+-------+-------+-------++-------
Melee: Short sword       |    42 |   116 |    63 ||   221
       Bite              |     6 |    33 |    24 ||    63
       Dagger            |       |     5 |    28 ||    33
Throw: Javelin           |    19 |       |       ||    19
       Throwing net      |     2 |     1 |     1 ||     4
Invok: Renounce Religion |       |       |     1 ||     1
 Stab: Sleeping          |     2 |       |       ||     2
       Held in net/web   |     1 |       |     1 ||     2
  Eat: Chunk             |       |       |     3 ||     3
Armor: Leather armour    |    11 |       |       ||    11
       Chain mail        |       |    39 |    21 ||    60
       Plate armour      |       |       |    11 ||    11
Dodge: Dodged            |    41 |    26 |    14 ||    81
